 Dungeon Crawl Stone Soup version 0.30-a0-986-g7f2e898f52 (webtiles) character file.

Game seed: 9346420931824349386

42 boo the Trooper (level 3, -2/33 HPs)
             Began as a Hill Orc Fighter on Apr 1, 2023.
             Slain by an iguana (9 damage)
             ... on level 2 of the Dungeon.
             The game lasted 00:01:25 (1059 turns).

boo the Trooper (Hill Orc Fighter)                  Turns: 1059, Time: 00:01:26

Health: -2/33      AC:  9    Str: 20    XL:     3   Next: 56%
Magic:  3/3        EV:  7    Int:  8    God:
Gold:   37         SH:  4    Dex: 10    Spells: 2/2 levels left

rFire   . . .      SeeInvis .    a - +0 war axe
rCold   . . .      Faith    .    c - +0 buckler
rNeg    . . .      Spirit   .    j - +0 chain mail
rPois   .          Reflect  .    (no helmet)
rElec   .          Rampage  .    (no cloak)
rCorr   .                        (no gloves)
Will    .....                    (no boots) Stlth
                                 (no amulet)
HPRegen 0.25/turn                (no ring)
MPRegen 0.08/turn                (no ring)

@: lethally poisoned (-2 -> -7)
A: no striking features
a: no special abilities


You were on level 2 of the Dungeon.
You visited 1 branch of the dungeon, and saw 2 of its levels.

You collected 37 gold pieces.

Inventory:

Hand Weapons
 a - a +0 war axe (weapon)
Armour
 c - a +0 buckler (worn)
 j - a +0 chain mail (worn)
Scrolls
 e - a scroll of immolation {unknown}
 g - a scroll of enchant weapon {unknown}
 h - a scroll of enchant armour {unknown}
 i - a scroll of identify
 k - a scroll of fear {unknown}
 l - a scroll of noise {unknown}
Potions
 b - a potion of haste {unknown}
 d - a potion of might
 f - 2 potions of attraction
 m - a potion of cancellation {unknown}


   Skills:
 + Level 4.0 Fighting
 * Level 3.6 Axes
 + Level 3.6 Armour
 + Level 0.7 Stealth
 + Level 3.6 Shields


You had 2 spell levels left.
You didn't know any spells.
Your spell library was empty.

Dungeon Overview and Level Annotations

Branches:
Dungeon (2/15)

Altars:


Message History

No target in view!
A scorpion comes into view.
A scorpion is nearby!
A scorpion is nearby!
An iguana comes into view.
The iguana hisses angrily.
The scorpion stings you.
A kobold comes into view. It is wielding a +0 short sword.
The scorpion stings you but does no damage.
The kobold shouts!
You hit the scorpion.
The scorpion is moderately wounded.
The scorpion closely misses you.
A ball python comes into view.
You barely miss the scorpion.
The scorpion is moderately wounded.
The ball python hisses angrily.
The scorpion stings you.
The scorpion stings you but does no damage.
You hit the scorpion.
The scorpion is moderately wounded.
The scorpion stings you but does no damage.
An endoplasm comes into view.
The iguana bites you but does no damage.
The scorpion stings you but does no damage.
You hit the scorpion.
The scorpion is heavily wounded.
You closely miss the iguana. The scorpion barely misses you.
The iguana bites you. The iguana attacks as you move away!
You block the iguana's attack. The scorpion stings you.
You are poisoned.
The scorpion poisons you! The scorpion stings you.
You feel very sick. The iguana attacks as you move away!
You block the iguana's attack.
You feel very sick.
You hit the iguana but do no damage.
You feel sick. The iguana bites you.
* * * LOW HITPOINT WARNING * * *
The iguana bites you!
You die...

#.... ......#..#.#
#....##.#.#.#....#
####....##.#.#.#.#..#.
...............!......
..................... .#...
#..........KS....... .....
#................... .....
#.....##.###sS....... #...
#.........@lK.....#..# #...
#..#..###.###.........##...
#.†#..###.###..............
#.........)................
#.##.####.#.#.....#..###...
#....................# #..#
####..###.#.#.#...#..###..#
#......#.#........†)...#
#......................#


You could see a scorpion, an iguana, a ball python and a kobold.

Vanquished Creatures
  An adder (D:2)
  A dart slug (D:1)
  4 bats (D:1)
  3 endoplasms
  3 giant cockroaches
  4 goblins (D:1)
  A hobgoblin (D:1)
  2 quokkas (D:1)
  3 ball pythons
  5 frilled lizards
  2 kobolds (D:2)
  A rat (D:1)
30 creatures vanquished.

Notes
Turn   | Place    | Note
-------+----------+-------------------------------------------
     0 | D:1      | boo the Hill Orc Fighter began the quest for the Orb.
     0 | D:1      | Reached XP level 1. HP: 19/19 MP: 1/1
   102 | D:1      | Reached XP level 2. HP: 27/27 MP: 2/2
   266 | D:1      | Found a faded altar of an unknown god.
   339 | D:1      | Reached skill level 4 in Fighting
   479 | D:1      | Reached XP level 3. HP: 33/33 MP: 3/3
  1048 | D:2      | Noticed a scorpion
  1059 | D:2      | Slain by an iguana

Illustrated notes

Levels and vault maps discovered:
D:1:      dpeg_arrival_oval, layout_basic,
          hellmonk_ecumenical_altar_inner_sanctum, minmay_hedge_maze,
          minmay_misc_feat_doors, minmay_bisected
D:2:      layout_basic, serial_shops, nicolae_shop_trees,
          uniq_crazy_yiuf_cottage, uniq_robin

Skill      XL: |  1  2 |
---------------+-------+-----
Axes           | 3 |  3.6
Fighting       | 4 |  4.0
Armour         | |  3.6
Stealth        | |  0.7
Shields        | |  3.6

Action                     || total
---------------------------++-------
  Melee: War axe           ||    86
    Use: Scroll            ||     1
 Armour: Scale mail        ||    12
         Chain mail        ||    40
  Dodge: Dodged            ||    39
  Block: Buckler           ||    14

Table legend: (Time is in decaauts)
 A = Elapsed time spent in this place.
 B = Non-inter-level travel time spent in this place.
 C = Inter-level travel time spent in this place.
 D = Time resting spent in this place.
 E = Time spent auto-exploring this place.
 F = Levels seen in this place.
 G = Mean time per level.
                   A        B        C        D        E       F      G
               +--------+--------+--------+--------+--------+-----+--------+
         Total |   1090 |   1051 |     39 |      0 |    807 |   2 |  545.0 |
       Dungeon |   1090 |   1051 |     39 |      0 |    807 |   2 |  545.0 |
               +--------+--------+--------+--------+--------+-----+--------+

Top non-repeatable levels by time:
     D:1: 871 daAuts
     D:2: 219 daAuts
